 Dungeon Crawl Stone Soup version 0.28.0-47-ge53b351184 (console) character file.

Game seed: 3805436363587087035

475 Faeu the Shield-Bearer (level 6, -11/54 (56) HPs)
             Began as a Minotaur Fighter on May 2, 2022.
             Mangled by a wight
             ... wielding a +0 scimitar
              (12 damage)
             ... on level 4 of the Dungeon.
             The game lasted 00:06:13 (3171 turns).

Faeu the Shield-Bearer (Minotaur Fighter)           Turns: 3171, Time: 00:06:14

HP:   -11/54 (56)   AC:  8    Str: 22    XL:     6   Next: 84%
MP:   5/5           EV:  9    Int:  5    God:
Gold: 223           SH:  5    Dex: 10    Spells: 5/5 levels left

rFire   . . .      SeeInvis .   a - +0 war axe {axe}
rCold   . . .      Faith    .   c - +0 buckler
rNeg    . . .      Spirit   .   b - +0 scale mail
rPois   .          Reflect  .   (helmet restricted)
rElec   .          Harm     .   s - +0 cloak
rCorr   .          Rampage  .   (no gloves)
Will    .....                   (no boots)
Stlth   ..........              (no amulet)
HPRegen 0.18/turn               (no ring)
MPRegen 0.09/turn               (no ring)

@: flying, lightly drained
A: horns 2, retaliatory headbutt
a: no special abilities


You were on level 4 of the Dungeon.
You visited 1 branch of the dungeon, and saw 4 of its levels.

You collected 223 gold pieces.


Innate Abilities, Weirdness & Mutations

You have a pair of horns on your head.
You reflexively headbutt those who attack you in melee.


   Skills:
 + Level 5.6 Fighting
 + Level 4.8 Axes
 + Level 5.6 Armour
 + Level 5.6 Shields


You had 5 spell levels left.
You didn't know any spells.
Your spell library contained the following spells:

 Spells                   Type           Power      Damage    Failure   Level
 Call Canine Familiar     Summ           0%         N/A       99%         3
 Confusing Touch          Hex            0%         N/A       99%         3
 Conjure Flame            Conj/Fire      0%         6-21      99%         3
 Ignite Poison            Fire/Tmut/Pois 0%         N/A       99%         3
 Portal Projectile        Hex/Tloc       0%         N/A       99%         3
 Leda's Liquefaction      Hex/Erth       0%         N/A       100%        4
 Sticky Flame             Conj/Fire      0%         2d3       100%        4
 Yara's Violent Unravell  Hex/Tmut       0%         3d3       100%        5
 Enfeeble                 Hex            0%         N/A       100%        7

Inventory:

Hand Weapons
 a - a +0 war axe (weapon) {axe}
Missiles
 r - 16 stones (quivered) {throwing}
Armour
 b - a +0 scale mail (worn)
 c - a +0 buckler (worn)
 s - a +0 cloak (worn)
   (You found it on level 4 of the Dungeon)
Wands
 o - a wand of iceblast (8)
   (You found it on level 3 of the Dungeon)
Scrolls
 e - 3 scrolls of identify {unknown}
 f - 2 scrolls of enchant weapon {unknown}
 h - a scroll of vulnerability {unknown}
 j - a scroll of silence {unknown}
 l - a scroll of amnesia {unknown}
 m - a scroll of fear {unknown}
 q - a scroll of teleportation {unknown}
Potions
 d - a potion of might
 g - a potion of flight
 i - a potion of lignification {unknown}
 k - 2 potions of curing {unknown}
 n - 2 potions of mutation {unknown}
 p - a potion of brilliance {unknown}

Dungeon Overview and Level Annotations

Branches:
Dungeon (4/15)             Temple (0/1) D:4

Altars:
Trog

#...........#........#..#
####...
[.........#........# .
....... #..........#
........ #..........#
........ #....#######
....##... #....###...#
.... #... #....#.'...#
.... ####
#.####.#...#.....
#.####.##+##..#
#......z......# .# #+
######@#...##.# .# ...
#######.#..z##.##.##..
#..........z#........
#.#####...##.......#
#.#####...###z##...###+#
+......................#
#.###..)..##..#.........
..##........z#....##..#
...............z......?.
....##.....##.z..........
#....#...................


You could see a wight.


Message History

A water moccasin skeleton comes into view. 😮 HP[-7]
You take 7 damage, and now have 31/56 hp.
The jelly hits you but does no damage. The jelly closely misses you.
You furiously retaliate!
You headbutt the jelly.
The water moccasin skeleton closely misses you.
The water moccasin skeleton bites you.
* * * LOW HITPOINT WARNING * * *
😨 HP[-4]
You take 4 damage, and now have 27/56 hp.
You hit the jelly.
Your hands burn!
* * * LOW HITPOINT WARNING * * *
Your headbutt misses the jelly.
The jelly hits you but does no damage. x2 😨 HP[-2]
You take 2 damage, and now have 25/56 hp.
You slash the jelly!
You kill the jelly!
You barely miss the water moccasin skeleton.
The water moccasin skeleton bites you.
* * * LOW HITPOINT WARNING * * *
😨 HP[-1]
You take 1 damage, and now have 24/56 hp.
You hit the kobold.
You kill the kobold!
You block the hobgoblin's attack.
You closely miss the hobgoblin.
You headbutt the hobgoblin, but do no damage.
The hobgoblin hits you.
* * * LOW HITPOINT WARNING * * *
😨 HP[-4]
You take 4 damage, and now have 20/56 hp.
You hit the hobgoblin.
You headbutt the hobgoblin, but do no damage.
The hobgoblin closely misses you. 😨 HP[+1]
You completely miss the hobgoblin.
You hear the rapid hiss of a very distant avalanche of sand.
You block the hobgoblin's attack.
You slash the hobgoblin!
You kill the hobgoblin!
The water moccasin skeleton bites you but does no damage.
You hit the water moccasin skeleton.
You headbutt the water moccasin skeleton!
The water moccasin skeleton bites you.
* * * LOW HITPOINT WARNING * * *
😨 HP[-3]
You take 3 damage, and now have 18/56 hp.
You slash the water moccasin skeleton!
The water moccasin skeleton barely misses you.
The water moccasin skeleton closely misses you. 😨 HP[+1]
You barely miss the water moccasin skeleton.
You headbutt the water moccasin skeleton!
The water moccasin skeleton barely misses you.
You slash the water moccasin skeleton!
You destroy the water moccasin skeleton!
You see here a +0 club {mace}. 😨 HP[+1]
A wight comes into view. It is wielding a +0 scimitar.
A wight comes into view. It is wielding a +0 hand axe.
A wight comes into view. It is wielding a +0 short sword.
A wight comes into view. It is wielding a +3 dagger.
A wight comes into view.
It is wielding a +2 battleaxe of freezing. 😨 HP[+1] 😨 HP[+1]
You hear the rapid hiss of a distant avalanche of sand. 😨 HP[+1]
The wight hits you with a +0 scimitar!
* * * LOW HITPOINT WARNING * * *
😱 HP[-12]
You take 12 damage, and now have 11/56 hp.
MASSIVE DAMAGE!! (PAUSE) 😱 HP[+1] Why would you want to do that?
Why would you want to do that?
The wight hits you but does no damage. 😱 HP[+1]
You see here a +0 dagger {short}. 😱 HP[+1]
The hiss of flowing sand is almost imperceptible now. 😨 HP[+1] 😨 HP[+1]
The wight hits you with a +0 scimitar!
* * * LOW HITPOINT WARNING * * *
You feel drained.
* * * LOW HITPOINT WARNING * * *
😱 HP[-11]
You now have 54 max hp (-2).
You take 11 damage, and now have 5/54 hp.
MASSIVE DAMAGE!! (PAUSE)
The walls and floor vibrate strangely for a moment.
The wight hits you with a +0 scimitar.
* * * LOW HITPOINT WARNING * * *
😱 HP[-4]
You take 4 damage, and now have 1/54 hp.
There is a stone staircase leading down here.
It was a potion of flight.
You feel very buoyant.
You fly up into the air.
The wight hits you with a +0 scimitar!
You die...

Skill      XL: |  1  2  3  4  5 |
---------------+----------------+-----
Armour         | 4 5 |  5.6
Fighting       | 4 5 |  5.6
Shields        | 4 5 |  5.6
Axes           | 3 4 |  4.8

Action                   |  1- 3 |  4- 6 || total
-------------------------+-------+-------++-------
Melee: War axe           |   101 |    48 ||   149
       Headbutt          |     7 |    13 ||    20
Throw: Stone             |       |     5 ||     5
  Use: Potion            |       |     1 ||     1
Armor: Scale mail        |    44 |    18 ||    62
Dodge: Dodged            |    50 |    19 ||    69
Block: Buckler           |    24 |     8 ||    32

Levels and vault maps discovered:
D:1:      minmay_arrival_wavy_path, layout_rooms,
          hellmonk_ecumenical_altar_heavens_door
D:2:      layout_basic
D:3:      layout_loops_ring, grunt_decor_one_mirror, minmay_gold_behind_fungi,
          minmay_misc_feat_encased
D:4:      layout_basic, mainiacjoe_overflow_concentric_impassable,
          nicolae_overflow_hidden_temple, minmay_temple_entry_junction,
          chequers_ossuary_entry_cave, item_on_display_a, uniq_menkaure

Notes
Turn   | Place    | Note
-------+----------+-------------------------------------------
     0 | D:1      | Faeu the Minotaur Fighter began the quest for the Orb.
     0 | D:1      | Reached XP level 1. HP: 19/19 MP: 0/0
     0 | D:1      | magus.rc [v1.9.6]
   409 | D:1      | You pick up a book of Misfortune and begin reading...
   409 | D:1      | You add the spells Confusing Touch, Yara's Violent
                  | Unravelling and Enfeeble to your library.
   450 | D:1      | Reached XP level 2. HP: 27/27 MP: 1/1
   530 | D:1      | Found a faded altar of an unknown god.
   616 | D:1      | You pick up a book of the Hunter and begin reading...
   616 | D:1      | You add the spells Call Canine Familiar, Portal Projectile
                  | and Leda's Liquefaction to your library.
  1172 | D:2      | Reached skill level 4 in Armour
  1222 | D:2      | Reached skill level 4 in Fighting
  1222 | D:2      | Reached skill level 4 in Shields
  1296 | D:2      | Reached skill level 3 in Axes
  1296 | D:2      | Reached XP level 3. HP: 32/33 MP: 2/2
  2152 | D:3      | Reached XP level 4. HP: 41/41 MP: 3/3
  2192 | D:3      | You add the spells Conjure Flame, Ignite Poison and Sticky
                  | Flame to your library.
  2540 | D:4      | Noticed an ogre
  2591 | D:4      | Noticed a black bear
  2608 | D:4      | Killed a black bear
  2609 | D:4      | Reached XP level 5. HP: 30/47 MP: 4/4
  2702 | D:4      | Killed an ogre
  2703 | D:4      | Reached skill level 5 in Fighting
  2703 | D:4      | Reached skill level 4 in Axes
  2703 | D:4      | Reached skill level 5 in Armour
  2703 | D:4      | Reached skill level 5 in Shields
  2703 | D:4      | Reached XP level 6. HP: 18/56 MP: 5/5
  2914 | D:4      | Found a staircase to the Ecumenical Temple.
  3048 | D:4      | Found a bloodstained altar of Trog.
  3139 | D:4      | HP: 11/56 [wight/+0 scimitar (12)]
  3163 | D:4      | HP: 8/56 [wight/+0 scimitar (8)]
  3168 | D:4      | HP: 1/54 [wight/+0 scimitar (5)]
  3171 | D:4      | Mangled by a wight

Vanquished Creatures
  A black bear (D:4)
  2 ogres (D:4)
  A water moccasin skeleton (D:4)
  2 hounds
  A jelly (D:4)
  2 adders (D:3)
  2 worms
  4 dart slugs
  4 endoplasms
  2 giant cockroaches
  6 goblins
  2 hobgoblins
  6 quokkas
  3 ball pythons
  4 bats
  3 frilled lizards
  7 kobolds
  4 rats
56 creatures vanquished.

Vanquished Creatures (others)
  2 fungi (D:3)
  4 toadstools (D:3)
6 creatures vanquished.

Grand Total: 62 creatures vanquished

Table legend:
 A = Non-vault XP
 B = Vault XP
 C = Vault XP percentage of total XP
 D = Non-vault monster count
 E = Vault monster count
 F = Vault count percentage of total count
                 A         B        C        D         E       F
            +---------+---------+-------+---------+---------+-------
      Total |     679 |       0 |   0.0 |      56 |       0 |   0.0
            +---------+---------+-------+---------+---------+-------
        D:1 |      17 |       0 |   0.0 |      10 |       0 |   0.0
        D:2 |      36 |       0 |   0.0 |      19 |       0 |   0.0
        D:3 |      97 |       0 |   0.0 |      15 |       0 |   0.0
        D:4 |     529 |       0 |   0.0 |      12 |       0 |   0.0
            +---------+---------+-------+---------+---------+-------

Illustrated notes

Table legend:
 A = Kills in this place as a percentage of kills in entire the game.
 B = Kills by you in this place as a percentage of kills by you in the entire game.
 C = Kills by friends in this place as a percentage of kills by friends in the entire game.
 D = Other kills in this place as a percentage of other kills in the entire game.
 E = Experience gained in this place as a percentage of experience gained in the entire game.
 F = Experience gained in this place divided by the number of levels of this place that you have seen.
                   A       B       C       D       E      F
               +-------+-------+-------+-------+-------+----------------------
         Total | 100.0 | 100.0 |   N/A |   N/A | 100.0 | 169.8
       Dungeon | 100.0 | 100.0 |   N/A |   N/A | 100.0 | 169.8
               +-------+-------+-------+-------+-------+----------------------

Table legend: (Time is in decaauts)
 A = Elapsed time spent in this place.
 B = Non-inter-level travel time spent in this place.
 C = Inter-level travel time spent in this place.
 D = Time resting spent in this place.
 E = Time spent auto-exploring this place.
 F = Levels seen in this place.
 G = Mean time per level.
                   A        B        C        D        E       F      G
               +--------+--------+--------+--------+--------+-----+--------+
         Total |   3228 |   3149 |     79 |    622 |   1802 |   4 |  807.0 |
       Dungeon |   3228 |   3149 |     79 |    622 |   1802 |   4 |  807.0 |
               +--------+--------+--------+--------+--------+-----+--------+

Top non-repeatable levels by time:
     D:2: 996 daAuts
     D:3: 874 daAuts
     D:1: 772 daAuts
     D:4: 586 daAuts
